 Dungeon Crawl Stone Soup version 0.29.1-15-g9cfb28693d (webtiles) character file.

Game seed: 12024782864298980251

2 leafyfresh the Sneak (level 1, -1/16 HPs)
             Began as an Octopode Delver on Apr 18, 2023.
             Was an Initiate of Ashenzari.
             Slain by a centaur
             ... wielding a +0 hand axe
              (10 damage)
             ... on level 5 of the Dungeon.
             The game lasted 00:00:38 (306 turns).

leafyfresh the Sneak (Octopode Delver)               Turns: 306, Time: 00:00:39

Health: -1/16      AC:  1    Str: 11    XL:     1   Next: 30%
Magic:  1/1        EV: 13    Int: 12    God:    Ashenzari [......]
Gold:   21         SH:  0    Dex: 13    Spells: 0/0 levels left

rFire   . . .      SeeInvis .   h - +1 whip (freeze)
rCold   . . .      Faith    .   (no shield)
rNeg    . . .      Spirit   .   (helmet restricted)
rPois   .          Reflect  .   (no amulet)
rElec   .          Harm     .   (no ring)
rCorr   .          Rampage  .   (no ring)
Will    .....                   (no ring)
Stlth   ++++......              (no ring)
HPRegen 0.05/turn               (no ring)
MPRegen 0.07/turn               (no ring)
                                (no ring)
                                (no ring)

@: no status effects
A: almost no armour, amphibious, 8 rings, camouflage 1, gelatinous body 1,
(nimble swimmer 1), tentacles
a: Renounce Religion


You were on level 5 of the Dungeon.
You worshipped Ashenzari.
Ashenzari was noncommittal.
You visited 2 branches of the dungeon, and saw 2 of its levels.

You collected 21 gold pieces.

Inventory:

Hand Weapons
 a - a +0 short sword
 h - a +1 whip of freezing (weapon)
Wands
 f - a wand of digging (3)
Scrolls
 b - a scroll of fog
 c - a scroll of magic mapping
 d - a scroll of fear
Potions
 e - a potion of haste
 g - a potion of brilliance {unknown}


   Skills:
 + Level 3.0 Fighting
 - Level 2.0 Short Blades
 + Level 2.0 Dodging
 + Level 6.6 Stealth


You couldn't memorise any spells.
You didn't know any spells.
Your spell library was empty.

Dungeon Overview and Level Annotations

Branches:
Dungeon (5/15)             Temple (1/1) D:5

Altars:
Ashenzari
Cheibriados
Dithmenos
Fedhas
Hepliaklqana
Makhleb
Qazlal
Ru
Trog
Vehumet
Zin
The Shining One


Innate Abilities, Weirdness & Mutations

You cannot wear most types of armour.
You are amphibious.
You can wear up to eight rings at the same time.
Your skin changes colour to match your surroundings (Stealth+).
Your rubbery body absorbs attacks. (AC +1, EV +1)
((You are camouflaged when in or above water. (Stealth+)))
You have tentacles for arms and can constrict up to eight enemies at once.


Message History

There is a stone staircase leading down here.
An orc comes into view. It is wielding a +1 whip of freezing.
The orc shouts!
An orc is nearby!
You closely miss the orc. You grab the orc. You constrict the orc.
The orc barely misses you.
You barely miss the orc.
The orc is lightly wounded.
You constrict the orc.
The orc hits you with a +1 whip of freezing.
The orc freezes you.
You hit the orc.
You kill the orc!
Things that are here:
a +1 whip of freezing; an orc corpse
h - a +1 whip of freezing Your +1 whip of freezing glows with a cold blue light!
h - a +1 whip of freezing (weapon)
Unknown command.
Key pressed, stopping explore.
No target in view!
A hound comes into view.
A hound is nearby!
You see here a +0 pair of gloves.
You start waiting.
A centaur comes into view. It is wielding a +0 hand axe.
The centaur shouts!
You hit the centaur. You freeze the centaur.
The centaur is lightly wounded.
The centaur hits you with a +0 hand axe.
The centaur closely misses you.
You closely miss the centaur.
The centaur is lightly wounded.
The centaur closely misses you. The centaur kicks you. The centaur misses you.
The centaur closely misses you.
You hit the centaur. You freeze the centaur. You squeeze the centaur.
The centaur is moderately wounded.
The centaur hits you with a +0 hand axe!
Ouch! That really hurt!
You die...

..........#####..# .#. ..
..........>......# ......
.............##.## .#...
...........#.†#.#####.#.###
###'######.##......h.......
..........................
###..#####.####......##.#
#c# #.####.##.# #@# #.#
#....# .............#
###..# #.......###### #..#
#........ #..# #.......#
#..### #.......# ##..#.
#.......# #.... #.......#
#.#.. ...#..


You could see a centaur.

Vanquished Creatures
  An orc (D:5)
1 creature vanquished.

Notes
Turn   | Place    | Note
-------+----------+-------------------------------------------
     0 | D:5      | leafyfresh the Octopode Delver began the quest for the Orb.
     0 | D:5      | Reached XP level 1. HP: 16/16 MP: 1/1
     5 | Temple   | Entered the Ecumenical Temple
    34 | Temple   | Became a worshipper of Ashenzari the Shackled
   196 | D:5      | Noticed a hound
   302 | D:5      | Noticed a centaur
   306 | D:5      | Slain by a centaur

Illustrated notes

Levels and vault maps discovered:
D:5:      layout_basic, mainiacjoe_overflow_catwalk,
          mainiacjoe_overflow_alcove_4, minmay_temple_entry_drinking_statues,
          st_stairs_13
Temple:   eino_temple_lava

Action                   || total
-------------------------++-------
Melee: Whip              ||     3
       Short sword       ||     3
       Constrict         ||     1
       Tentacles         ||     1
Dodge: Dodged            ||     5
